 Dungeon Crawl Stone Soup version 0.23.2-40-g277498a001 (webtiles) character file.

Game seed: 16243934457445581930

262 Kostasan the Cleaver (level 5, -4/45 HPs)
             Began as a Minotaur Berserker on Sept 28, 2019.
             Was a Believer of Trog.
             Slain by an ogre
             ... wielding a +0 giant club
              (9 damage)
             ... on level 4 of the Dungeon on Sept 29, 2019.
             The game lasted 00:14:26 (3272 turns).

Kostasan the Cleaver (Minotaur Berserker)           Turns: 3272, Time: 00:14:26

Health: -4/45      AC: 13    Str: 22    XL:     5   Next: 97%
Magic:  4/4        EV:  8    Int:  5    God:    Trog [**....]
Gold:   132        SH:  0    Dex:  9    Spells: 4/4 levels left

rFire    + . .     SeeInvis .   a - +0 hand axe
rCold    + . .     Gourm    .   (no shield)
rNeg     . . .     Faith    .   m - +0 chain mail
rPois    +         Spirit   .   (helmet restricted)
rElec    +         Reflect  .   b - +2 cloak {MR+}
rCorr    +         Harm     .   f - +0 pair of gloves
MR       +....                  (no boots)
Stlth    ..........             (no amulet)
HPRegen  0.15/turn              (no ring)
MPRegen  0.09/turn              (no ring)

@: lethally poisoned (-4 -> -5), resistant, berserk cooldown, slowed, very slow
A: retaliatory headbutt, horns 2
a: Berserk, Trog's Hand, Renounce Religion


You were on level 4 of the Dungeon.
You worshipped Trog.
Trog was pleased with you.
You were very hungry.

You visited 1 branch of the dungeon, and saw 4 of its levels.

You collected 132 gold pieces.

Inventory:

Hand Weapons
 a - a +0 hand axe (weapon)
 p - a +1 short sword of freezing
Missiles
 g - 109 stones (quivered)
Armour
 b - a +2 cloak of magic resistance (worn)
 f - a +0 pair of gloves (worn)
 m - a +0 chain mail (worn)
 n - a +0 scale mail
Scrolls
 d - 2 scrolls of remove curse {unknown}
 l - 5 scrolls of identify {unknown}
Potions
 h - a potion of resistance
 i - a potion of flight {unknown}
 j - a potion of curing {unknown}
 k - a potion of brilliance {unknown}
Comestibles
 c - 4 rations
 o - a chunk of flesh


   Skills:
 - Level 3.6 Fighting
 + Level 8.1 Axes
 - Level 2.4 Armour
 - Level 2.1 Dodging


You had 4 spell levels left.
You didn't know any spells.
Your spell library was empty.

Dungeon Overview and Level Annotations

Branches:
Dungeon (4/15)
 Temple: D:4-7

Altars:


Innate Abilities, Weirdness & Mutations

You reflexively headbutt those who attack you in melee.
You have a pair of horns on your head.


Message History

The orc barely misses you. The centaur barely misses you.
The orc priest mumbles some strange prayers to Beogh against you.
You resist with some effort.
It was a potion of resistance.
You feel protected. The centaur barely misses you. You furiously retaliate!
You headbutt the centaur.
An orc comes into view. It is wielding a +0 trident.
The orc hits you but does no damage.
The orc priest hits you from afar with a +0 trident.
* * * LOW HITPOINT WARNING * * *
The centaur hits you but does no damage.
As you read the scroll labeled HYOTTAEFAOF, it crumbles to dust.
The creatures around you are filled with an inner flame!
It was a scroll of immolation.
You feel sick.
The centaur hits you but does no damage.
The orc hits you but does no damage.
The orc priest hits you but does no damage.
The centaur barely misses you. The ogre hits you with a +0 giant club!
You die...

......... ...
.........# ...#
........>###...#
.(.....$..........
.......#...........
.....##.........#
...............##..
..........O@.......
.........o.c.......
<........o.........
#.....o..........
##..[(##.........
#...##.o...#..#.
#..# .....##.# ...#
......# .# ....#
.#....#


You could see an ogre (inner flame), a centaur (inner flame), an orc priest
(inner flame), an orc wizard (inner flame) and 2 orcs.

Vanquished Creatures
  A big kobold (D:3)
  An orc priest (D:4)
  Crazy Yiuf (D:2)
  An orc wizard (D:3)
  5 adders
  An ooze (D:3)
  2 dart slugs (D:1)
  4 leopard geckos (D:1)
  2 orcs (D:3)
  A ball python (D:1)
  3 giant cockroaches
  6 goblins
  3 hobgoblins
  3 jackals (D:2)
  6 kobolds
  8 bats
  A frilled lizard (D:1)
  A leopard gecko zombie (D:3)
  8 rats
  3 fungi (D:2)
61 creatures vanquished.

Notes
Turn   | Place    | Note
-------+----------+-------------------------------------------
     0 | D:1      | Kostasan the Minotaur Berserker began the quest for the
                  | Orb.
     0 | D:1      | Reached XP level 1. HP: 19/19 MP: 0/0
    24 | D:1      | Reached skill level 4 in Axes
    63 | D:1      | Reached XP level 2. HP: 26/26 MP: 1/1
   944 | D:1      | Reached skill level 5 in Axes
  1007 | D:1      | Reached XP level 3. HP: 31/31 MP: 2/2
  1240 | D:2      | Reached ** piety under Trog
  1505 | D:2      | Reached skill level 6 in Axes
  1505 | D:2      | Reached XP level 4. HP: 37/39 MP: 3/3
  1986 | D:2      | Found a runed translucent door.
  1987 | D:2      | Noticed Crazy Yiuf
  1994 | D:2      | HP: 1/39 [Crazy Yiuf/+2 quarterstaff of chaos (2)]
  2074 | D:2      | Killed Crazy Yiuf
  2664 | D:3      | Reached XP level 5. HP: 38/45 MP: 4/4
  2664 | D:3      | Reached skill level 7 in Axes
  3255 | D:4      | Noticed an ogre
  3257 | D:4      | Noticed a centaur
  3261 | D:4      | Reached skill level 8 in Axes
  3272 | D:4      | Slain by an ogre

Skill      XL: |  1  2  3  4  5 |
---------------+----------------+-----
Axes           | 4 5 6 8 |  8.1
Fighting       | |  3.6
Armour         | |  2.4
Dodging        | |  2.1

Action                   |  1- 3 |  4- 6 || total
-------------------------+-------+-------++-------
Melee: Hand axe          |    62 |   109 ||   171
       Headbutt          |     5 |    22 ||    27
       Unarmed           |       |     3 ||     3
Throw: Stone             |    42 |    49 ||    91
Invok: Berserk           |       |     2 ||     2
  Use: Scroll            |       |     1 ||     1
       Potion            |       |     1 ||     1
  Eat: Chunk             |     2 |     6 ||     8
Armor: Animal skin       |     2 |       ||     2
       Ring mail         |    19 |       ||    19
       Chain mail        |       |    59 ||    59
Dodge: Dodged            |    43 |    39 ||    82
